 Dungeon Crawl Stone Soup version 0.27.1-33-g824d729ab1 (webtiles) character file.

Game seed: 12842044939718948024

4271 Gabide the Basher (level 10, -7/76 HPs)
             Began as a Human Monk on Dec 3, 2021.
             Was a Believer of Ashenzari.
             Mangled by a wyvern (16 damage)
             ... on level 7 of the Dungeon.
             The game lasted 00:13:34 (8870 turns).

Gabide the Basher (Human Monk)                      Turns: 8870, Time: 00:13:34

Health: -7/76      AC:  3    Str: 11    XL:     10   Next: 56%
Magic:  10/10      EV: 17    Int: 10    God:    Ashenzari [**....]
Gold:   771        SH:  0    Dex: 20    Spells: 9/9 levels left

rFire    + . .     SeeInvis +   d - +5 great mace of Ashenzari's Jealousy {spect, rF+, Cun, Melee} (curse)
rCold    + . .     Faith    .   (shield currently unavailable)
rNeg     . . .     Spirit   .   b - +0 robe
rPois    .         Reflect  .   e - +0 helmet
rElec    .         Harm     .   (no cloak)
rCorr    .         Rampage  .   (no gloves)
Will     .....                  (no boots)
Stlth    ++++......             h - amulet of magic regeneration
HPRegen  0.22/turn              i - ring "Restrained Pessimism" {rC+, Fort, Cun} (curse)
MPRegen  0.37/turn              (no ring)

@: hasted, very quick
A: no striking features
a: Renounce Religion, Curse Item, Shatter the Chains


You were on level 7 of the Dungeon.
You worshipped Ashenzari.
Ashenzari was pleased with you.
You visited 2 branches of the dungeon, and saw 9 of its levels.

You collected 771 gold pieces.

Inventory:

Hand Weapons
 d - the cursed +5 great mace of Ashenzari's Jealousy (weapon) {spect, rF+, Cun, Melee}
   (You acquired it on level 2 of the Dungeon)

   When its wielder attacks, the weapon's spirit leaps out and strikes again.
   The spirit shares a part of any damage it takes with its wielder.
   rF:        It protects you from fire.
   It has a curse which improves the following skills: Cunning: Dodging and
   Stealth.
   Melee Combat: Short Blades, Long Blades, Axes, Maces & Flails, Polearms,
   Staves and Unarmed Combat.
Missiles
 n - 4 silver javelins (quivered)
 p - a throwing net
Armour
 b - a +0 robe (worn)
 e - a +0 helmet (worn)
Jewellery
 h - an amulet of magic regeneration (around neck)
 i - the cursed ring "Restrained Pessimism" (left hand) {rC+, Fort, Cun}
   (You found it on level 2 of the Dungeon)

   [ring of protection from cold]

   rC:        It protects you from cold.
   It has a curse which improves the following skills: Fortitude: Armour and
   Shields.
   Cunning:   Dodging and Stealth.
Wands
 u - a wand of digging (7)
Scrolls
 a - a scroll of enchant weapon
 c - 2 scrolls of teleportation
 j - a scroll of fog
 k - 5 scrolls of identify
 m - a scroll of summoning
 o - a scroll of silence
Potions
 f - 2 potions of brilliance
 g - a potion of invisibility
 l - a potion of magic
 r - a potion of flight
 s - a potion of resistance


   Skills:
 + Level 5.9 Fighting
 * Level 12.0(13.2) Maces & Flails
 + Level 5.5(7.8) Dodging
 + Level 5.9(8.2) Stealth
 + Level 0.8 Evocations


You had 9 spell levels left.
You didn't know any spells.
Your spell library contained the following spells:

 Spells                   Type           Power      Damage    Failure   Level
 Foxfire                  Conj/Fire      0%         2x1d4     36%         1
 Sting                    Tmut/Pois      0%         1d3       36%         1
 Poisonous Vapours        Pois/Air       0%         N/A       50%         2
 Conjure Flame            Conj/Fire      0%         6-21      75%         3
 Inner Flame              Hex/Fire       0%         N/A       75%         3
 Stone Arrow              Conj/Erth      0%         3d7       75%         3
 Animate Armour           Summ/Erth      0%         N/A       98%         4
 Olgreb's Toxic Radiance  Pois           0%         N/A       98%         4
 Lehudib's Crystal Spear  Conj/Erth      0%         10d2      100%        8


Dungeon Overview and Level Annotations

Branches:
Dungeon (8/15)             Temple (1/1) D:5            Lair (0/6) D:8

Altars:
Ashenzari
Cheibriados
Dithmenos
Elyvilon
Fedhas
Gozag
Kikubaaqudgha
Makhleb
Nemelex Xobeh
Okawaru
Qazlal
Ru
Sif Muna
Trog
Uskayaw
Vehumet
Wu Jian
Xom
Yredelemnul
Zin
The Shining One

Annotations:
D:5 3 runed translucent doors, kalodont's ghost, amateur KoEn


Message History

Unknown command.
The wyvern misses you. The wyvern bites you! The sky beast misses you.
The wyvern closely misses you.
You climb upwards.
There is a stone staircase leading down, spattered with blood here.
You hit the wyvern.
The wyvern is lightly wounded.
The wyvern barely misses you. The wyvern bites you. The sky beast misses you.
The wyvern barely misses you. The wyvern closely misses you.
You hit the wyvern.
The wyvern is moderately wounded.
The wyvern closely misses you. x2; The sky beast closely misses you.
The wyvern completely misses you.
You bludgeon the wyvern!!
The wyvern is almost dead.
The wyvern bites you! The sky beast closely misses you. The wyvern bites you.
The wyvern closely misses you.
You thump the wyvern!
You kill the wyvern!
The wyvern bites you!! The sky beast closely misses you.
Your base Maces & Flails skill increases to level 12!
You are too injured to fight recklessly!
You are too injured to fight recklessly!
You are too injured to fight recklessly!
You are too injured to fight recklessly!
You are too injured to fight recklessly!
You are too injured to fight recklessly!
You are too injured to fight recklessly!
You are too injured to fight recklessly!
You are too injured to fight recklessly!
You are too injured to fight recklessly!
You are too injured to fight recklessly!
You are too injured to fight recklessly!
The wyvern misses you. The wyvern completely misses you.
The wyvern closely misses you.
The sky beast flickers out of sight for a moment.
The wyvern bites you!
* * * LOW HITPOINT WARNING * * *
You feel yourself speed up. The wyvern bites you!
You die...

.........######.............#..##
####.....+...##..........#..#....
###.....###.#......#.####..#.##.
##.......# #.#..#.#....<##..#.##.
..<))....# #.#..#>###.#######.##.
!#.).....# #.#..............#....
.#....#### #...#Y.....#####.#.#..
##....# #####l###### #.#.#..
##....##########@# #[###..
(....###.......#.# #....<#
...............#.# #######
###.####.#######.# ###.#
#.....>†..# ....# ###########
#####


You could see a wyvern and a sky beast (invisible).

Vanquished Creatures
  Pikel (D:8)
  Sigmund (D:2)
  A yak (D:7)
  A wyvern (D:7)
  A steam dragon (D:7)
  Menkaure (D:6)
  3 water moccasins
  7 sky beasts
  2 ice beasts (D:5)
  2 orc warriors
  A necrophage (D:5)
  A hornet zombie (D:6)
  4 ogres
  A phantom (D:4)
  A lemure (D:8)
  A bullfrog (D:7)
  A gnoll sergeant (D:6)
  A scorpion (D:8)
  6 wights
  A centaur zombie (D:7)
  3 hounds
  2 jellies
  3 centaur skeletons
  A gnoll shaman (D:6)
  3 iguanas
  2 orc wizards (D:4)
  A howler monkey zombie (D:5)
  A howler monkey skeleton (D:4)
  11 gnolls
  6 adders
  An ufetubus (D:6)
  3 worms
  A dart slug (D:2)
  19 orcs
  6 ball pythons
  9 bats
  13 endoplasms
  4 giant cockroaches
  11 goblins
  8 hobgoblins
  7 jackals
  4 quokkas
  A frilled lizard (D:2)
  6 kobolds
  9 rats
  A bush (D:7)
174 creatures vanquished.

Vanquished Creatures (others)
  14 fungi
  17 plants (D:8)
31 creatures vanquished.

Grand Total: 205 creatures vanquished

Notes
Turn   | Place    | Note
-------+----------+-------------------------------------------
     0 | D:1      | Gabide the Human Monk began the quest for the Orb.
     0 | D:1      | Reached XP level 1. HP: 18/18 MP: 1/1
   213 | D:1      | Reached XP level 2. HP: 24/24 MP: 2/2
   515 | D:1      | Reached XP level 3. HP: 29/29 MP: 3/3
  1653 | D:2      | Reached XP level 4. HP: 35/37 MP: 4/4
  1790 | D:2      | Noticed Sigmund
  1795 | D:2      | Identified a scroll of acquirement
  1795 | D:2      | Acquired the +5 great mace of the Saving Big Fish {spect,
                  | rF+}
  1930 | D:2      | Killed Sigmund
  1931 | D:2      | Reached skill level 5 in Maces & Flails
  1931 | D:2      | Reached XP level 5. HP: 42/42 MP: 5/5
  1931 | D:2      | Reached XP level 6. HP: 48/48 MP: 6/6
  2133 | D:3      | Found a faded altar of an unknown god.
  2296 | D:3      | Noticed a sky beast
  2302 | D:3      | Killed a sky beast
  2303 | D:3      | Reached XP level 7. HP: 54/54 MP: 7/7
  2540 | D:3      | Found a shimmering blue altar of Sif Muna.
  2786 | D:4      | Reached skill level 6 in Maces & Flails
  2986 | D:4      | Reached skill level 7 in Maces & Flails
  3052 | D:4      | Reached XP level 8. HP: 54/60 MP: 8/8
  3208 | D:4      | Found a burning altar of Makhleb.
  3359 | D:4      | Acquired 409 gold pieces
  3537 | D:5      | Entered Level 5 of the Dungeon
  3586 | D:5      | Reached skill level 8 in Maces & Flails
  3823 | D:5      | Found a staircase to the Ecumenical Temple.
  3880 | Temple   | Entered the Ecumenical Temple
  3974 | Temple   | Became a worshipper of Ashenzari the Shackled
  3975 | Temple   | Reached * piety under Ashenzari
  4178 | D:5      | Reached ** piety under Ashenzari
  4461 | D:5      | Noticed kalodont's ghost (amateur KoEn)
  4463 | D:5      | Found a runed translucent gate.
  4463 | D:5      | Found a runed translucent gate.
  4463 | D:5      | Found a runed translucent gate.
  4678 | D:6      | Reached skill level 9 in Maces & Flails
  4678 | D:6      | Reached XP level 9. HP: 54/66 MP: 9/9
  4751 | D:6      | Noticed Menkaure
  5509 | D:6      | Killed Menkaure
  5534 | D:6      | Reached skill level 5 in Fighting
  5565 | D:6      | Reached skill level 5 in Stealth
  5980 | D:6      | Identified the +3 dagger of the Heart {drain, Int+2}
  6095 | D:6      | Reached skill level 5 in Dodging
  6368 | D:6      | Reached skill level 10 in Maces & Flails
  6406 | D:6      | Found a sparkling altar of Nemelex Xobeh.
  7377 | D:7      | Found a shimmering altar of Xom.
  7387 | D:7      | Found a blossoming altar of Fedhas.
  7388 | D:7      | Found a stormy altar of Qazlal.
  7563 | D:7      | Reached XP level 10. HP: 39/72 MP: 10/10
  7953 | D:7      | Reached skill level 11 in Maces & Flails
  8440 | D:8      | Found a staircase to the Lair.
  8441 | D:8      | Noticed Pikel
  8455 | D:8      | Killed Pikel
  8866 | D:7      | Reached skill level 12 in Maces & Flails
  8870 | D:7      | Mangled by a wyvern

Illustrated notes

Levels and vault maps discovered:
D:1:      grunt_arrival_crossed_arrows, layout_basic
D:2:      layout_loops_ring, uniq_sigmund
D:3:      layout_basic, mainiacjoe_overflow_chevrons,
          dreamdust_ecumenical_altar_grove
D:4:      layout_cave_pools, lemuel_doored_altar, minivault_19
D:5:      layout_loops_ring, minmay_temple_entry_offerings,
          gammafunk_ghost_split
D:6:      layout_layer_cave, mainiacjoe_overflow_boulevard, uniq_menkaure
D:7:      layout_basic, grunt_temple_overflow_forces_of_nature, xom_butterflies,
          nicolae_underground_beach
D:8:      layout_loops_ring, minmay_lair_entry_grove, skrybe_limestone_x,
          kennysheep_generic_room_16, uniq_psyche, uniq_grum, uniq_pikel
Temple:   regret_index_temple_generic_petals

Skill      XL: |  1  2  3  4  5  6  7  8  9 10 |
---------------+-------------------------------+-----
Fighting       | 4 5 |  5.9
Maces & Flails | 5 7 9 10 12 | 12.0
Dodging        | 4 5 |  5.5
Stealth        | 3 4 5 |  5.9
Evocations     | |  0.8

Action                   |  1- 3 |  4- 6 |  7- 9 | 10-12 || total
-------------------------+-------+-------+-------+-------++-------
Melee: Mace              |   121 |    12 |       |       ||   133
       Great mace        |       |    22 |   151 |    55 ||   228
Invok: Curse Item        |       |       |     2 |       ||     2
Evoke: Wand              |       |       |     2 |     5 ||     7
  Use: Scroll            |       |     3 |     5 |       ||     8
       Potion            |       |       |     9 |     1 ||    10
 Stab: Sleeping          |     4 |     8 |    10 |       ||    22
       Distracted        |       |       |     2 |     1 ||     3
       Paralysed         |       |       |     1 |     4 ||     5
Armor: Robe              |    35 |     7 |    15 |     6 ||    63
       Skin              |       |       |     7 |       ||     7
Dodge: Dodged            |    96 |    18 |   116 |    59 ||   289
